AoeStats
← TheKingOfFire

Golden Pit

509636712Analyzed
1v1 RM · 5d ago on Sep 27, 2026· 78m 2s· 2 players
Game mode
Random Map
Map size
Tiny (2 player)
Population
200
Speed
Normal
Resources
Standard
Victory
Conquest
Starting age
Dark Age
Ending age
Imperial Age
RankedLock teamsTeams togetherTeam positionsShared explorationLock speedFull tech treeHidden civsTurbo modeCheats
Victory
Defeat
🇧🇷 Bohemians · Brazil
338
+14
🇨🇱 Khmer · Chile
289
-14
TheKingOfFire
12:20 Feudal Age
22:17 Castle Age
26:35 Town Watch
26:18 Light Cavalry
27:09 Bloodlines
27:02 Husbandry
29:01 Town Patrol
29:28 Padded Archer Armor
29:53 Ballistics
29:40 Stone Mining
31:38 Gold Mining
32:36 Murder Holes
33:28 Wheelbarrow
32:50 Double-Bit Axe
32:51 Horse Collar
33:17 Crossbowman
34:56 Guard Tower
36:51 Leather Archer Armor
36:28 Fletching
38:52 Fortified Wall
41:56 Hand Cart
47:26 Bodkin Arrow
47:42 Forging
47:27 Heated Shot
47:49 Masonry
50:30 Imperial Age
52:05 Hussar
52:20 Arbalester
53:38 Conscription
71:58 Onager
Mike Detonator
11:50 Feudal Age
18:32 Wheelbarrow
18:29 Horse Collar
19:11 Double-Bit Axe
22:35 Castle Age
25:36 Chemistry
26:37 Bow Saw
27:56 Heavy Plow
35:17 Imperial Age
35:16 Hand Cart
34:49 Crossbowman
37:06 Two-Man Saw
36:57 Conscription
39:48 Ballistics
39:35 Siege Engineers
46:19 Block Printing
46:34 Illumination
55:40 Pikeman
56:20 Squires
61:21 Padded Archer Armor
61:11 Fletching
62:45 Elite Skirmisher
76:59 Light Cavalry
Connection lost

Rejoining the realm…

Still unreachable

The connection could not be restored.

Session expired

The server has moved on; the page needs a fresh start.